 Dungeon Crawl Stone Soup version 0.31-a0-1127-ge7b2bbabab (webtiles) character file.

Game seed: 12943260182171124220

2962 Malachi the Carver (level 9, -11/72 HPs)
             Began as a Demonspawn Gladiator on Dec 5, 2023.
             Was a Priest of Ashenzari.
             Killed from afar by a deep elf pyromancer (36 damage)
             ... with a bolt of fire
             ... on level 7 of the Dungeon.
             The game lasted 00:10:01 (6078 turns).

Malachi the Carver (Demonspawn Gladiator)           Turns: 6078, Time: 00:10:02

Health: -11/72     AC: 10    Str: 14    XL:     9   Next: 52%
Magic:  9/9        EV:  7    Int:  9    God:    Ashenzari [***...]
Gold:   295        SH: 12    Dex: 21    Spells: 8/8 levels left

rFire   . . .        a - +0 long sword
rCold   . . .        y - +0 kite shield of Supernal Understanding {Fort, Elem} (curse)
rNeg    + . .        G - +0 chain mail "I Foresaw This" {Bglg, Elem} (curse)
rPois   .            c - +0 helmet of Ashenzari's Oblivion {Elem, Melee} (curse)
rElec   .            (no cloak)
rCorr   .            m - +0 pair of gloves "Lashed Sybil" {Cun, Elem} (curse)
SInv    +            (no boots)
Will    .....        (no amulet) Stlth
                     f - ring of positive energy
HPRegen 0.32/turn    t - ring of the Fated Gnosis {Slay+4, Elem, Comp} (curse)
MPRegen 0.11/turn

%: clarity
@: studying Staves
A: claws 2, thin skeletal structure 1, spiny 2, condensation shield
a: Renounce Religion, Shatter the Chains


You were on level 7 of the Dungeon.
You worshipped Ashenzari.
Ashenzari was most pleased with you.
You visited 1 branch of the dungeon, and saw 7 of its levels.

You collected 295 gold pieces.

Inventory:

Hand Weapons
 a - a +0 long sword (weapon)
Missiles
 d - 3 throwing nets (quivered)
 e - a javelin
 x - 4 boomerangs
Armour
 c - the cursed +0 helmet of Ashenzari's Oblivion (worn) {Elem, Melee}

   It has a curse which improves the following skills: Elements: Fire Magic, Ice
   Magic, Air Magic and Earth Magic.
   Melee Combat: Short Blades, Long Blades, Axes, Maces & Flails, Polearms,
   Staves and Unarmed Combat.
 m - the cursed +0 pair of gloves "Lashed Sybil" (worn) {Cun, Elem}
   (You found it on level 4 of the Dungeon)

   It has a curse which improves the following skills: Cunning: Dodging and
   Stealth.
   Elements:  Fire Magic, Ice Magic, Air Magic and Earth Magic.
 y - the cursed +0 kite shield of Supernal Understanding (worn) {Fort, Elem}
   (You found it on level 5 of the Dungeon)

   It has a curse which improves the following skills: Fortitude: Armour and
   Shields.
   Elements:  Fire Magic, Ice Magic, Air Magic and Earth Magic.
 G - the cursed +0 chain mail "I Foresaw This" (worn) {Bglg, Elem}
   (You took it off an orc priest on level 5 of the Dungeon)

   It has a curse which improves the following skills: Beguiling: Conjurations,
   Hexes and Translocations.
   Elements:  Fire Magic, Ice Magic, Air Magic and Earth Magic.
Jewellery
 f - a ring of positive energy (left hand)
 t - the cursed ring of the Fated Gnosis (right hand) {Slay+4, Elem, Comp}
   (You found it on level 2 of the Dungeon)

   [ring of slaying]

   Slay+4:    It affects your accuracy & damage with ranged weapons and melee
   (+4).
   It has a curse which improves the following skills: Elements: Fire Magic, Ice
   Magic, Air Magic and Earth Magic.
   Companions: Summonings and Necromancy.
 w - a ring of magical power
Wands
 B - a wand of flame (14)
 D - a wand of light (1)
 E - a wand of roots (5)
 F - a wand of mindburst (10)
Scrolls
 b - a scroll of enchant armour
 g - a scroll of fear
 j - 2 scrolls of silence
 k - 5 scrolls of teleportation
 p - 2 scrolls of noise
 q - a scroll of vulnerability
 r - a scroll of revelation
 v - 2 scrolls of fog
Potions
 h - a potion of ambrosia
 i - a potion of cancellation
 l - a potion of degeneration
 n - 2 potions of curing
 o - a potion of mutation
 s - a potion of might
 u - 3 potions of haste
 z - a potion of heal wounds
 A - a potion of lignification
 C - a potion of berserk rage


   Skills:
 - Level 7.1 Fighting
 + Level 9.1(10.6) Long Blades
 - Level 1.7 Throwing
 - Level 2.6(3.9) Dodging
 + Level 5.7(7.2) Shields


You had 8 spell levels left.
You didn't know any spells.
Your spell library contained the following spells:

 Spells                   Type           Power      Damage    Failure   Level
 Shock                    Conj/Air       0%         1d3       100%        1
 Scorch                   Fire           2%         2d5       100%        2
 Swiftness                Air            1%         N/A       100%        3
 Airstrike                Air            0%         2d(1-17)  100%        4
 Flame Wave               Conj/Fire      0%         2d4       100%        4
 Summon Cactus Giant      Summ           0%         N/A       100%        6


Dungeon Overview and Level Annotations

Branches:
Dungeon (7/15)
 Temple: D:4-7

Altars:
Ashenzari
Cheibriados
Gozag
Ru
Xom
Yredelemnul

Shops:
D:2 !

Annotations:
D:7 1 runed translucent door


Innate Abilities, Weirdness & Mutations

You have very sharp fingernails.
You have a somewhat thin skeletal structure. (Dex +2, Stealth+)
You are mostly covered in sharp spines.
A meltable shield of frost defends you. (SH +0)


Message History

You feel much better.
The vampire mosquito bites you but does no damage.
You block the vampire mosquito's attack.
You block the deep elf pyromancer's attack.
You slash the deep elf pyromancer!
The deep elf pyromancer is severely wounded.
The vampire mosquito barely misses you.
The vampire mosquito bites you but does no damage.
You block the deep elf pyromancer's attack.
You catch the helpless deep elf pyromancer completely off-guard!
You hit the deep elf pyromancer.
The deep elf pyromancer is severely wounded.
The deep elf pyromancer is no longer blind.
You block the vampire mosquito's attack. x2
The deep elf pyromancer mumbles some strange words.
You block the vampire mosquito's attack.
You miss the deep elf pyromancer.
The deep elf pyromancer is severely wounded.
You block the vampire mosquito's attack.
The deep elf pyromancer gestures wildly while chanting.
The deep elf pyromancer blinks!
Aiming: Bolt of Light
Press: ? - help, Shift-Dir - straight line, f/p - deep elf pyromancer
Aim: a deep elf pyromancer, wielding a +0 rapier and wearing the ring of the Serpent {rElec Int+6} (severely wounded, 60% to hit)
The bolt of light hits the fire elemental!
The fire elemental is moderately damaged.
The bolt of light hits the fire elemental!
The fire elemental is moderately damaged.
The bolt of light hits the deep elf pyromancer!
The deep elf pyromancer is almost dead.
The deep elf pyromancer is blinded.
You block the vampire mosquito's attack. x2
The deep elf pyromancer casts a spell at you.
The bolt of fire hits the fire elemental.
The fire elemental completely resists.
The bolt of fire hits the fire elemental.
The fire elemental completely resists.
The bolt of fire hits you!!!
Your condensation shield dissipates!
Ouch! That really hurt!
You die...

.⌠.⌠.⌠.#........
.......#........
########........
....†).........###, {
.............###.. ∆
...........###...##### { { {
.........### ..#.##..###
......#### #.#y##....###
......# ...#,#.#@##.#..#.###
......# #...#.#§##.#.##...###
..#...######...#E##.#..###...##
..#...##..####.○E##.##.#...##.#
......##.#..####.e#..#...####.#
..#.#.##...#..####.#.#.####..##
..#.#.##.#...#..###..####....#
....#.##...#...#..#####..#####
...##.##.#...#..##.##........#


You could see a deep elf pyromancer (blind), 2 fire elementals and a vampire
mosquito.

Vanquished Creatures
  2 trolls (D:7)
  Sigmund (D:5)
  A vampire (D:7)
  A steam dragon (D:7)
  3 sky beasts
  4 black bears
  2 ogres
  A phantom (D:5)
  A scorpion (D:7)
  A wyvern zombie (D:5)
  A bullfrog (D:7)
  A killer bee (D:4)
  A howler monkey (D:7)
  2 bullfrog zombies (D:5)
  A hound (D:4)
  A jelly (D:5)
  3 bullfrog skeletons (D:5)
  4 orc priests
  A gnoll bouda (D:7)
  7 iguanas
  Terence (D:3)
  5 orc wizards
  A sleepcap (D:5)
  A scorpion zombie (D:5)
  A hound zombie (D:5)
  8 adders
  4 white imps
  2 ufetubi (D:6)
  4 worms
  3 dart slugs
  11 orcs
  5 ball pythons
  4 endoplasms
  2 giant cockroaches (D:3)
  7 goblins
  4 hobgoblins
  7 kobolds
  2 quokkas
  7 bats
  6 frilled lizards
  2 rats (D:3)
126 creatures vanquished.

Notes
Turn   | Place    | Note
-------+----------+-------------------------------------------
     0 | D:1      | Malachi the Demonspawn Gladiator began the quest for the
                  | Orb.
     0 | D:1      | Reached XP level 1. HP: 16/16 MP: 1/1
   125 | D:1      | Reached skill level 3 in Long Blades
   125 | D:1      | Gained mutation: You have a somewhat thin skeletal
                  | structure. (Dex +2, Stealth+) [demonic ancestry]
   125 | D:1      | Reached XP level 2. HP: 23/23 MP: 2/2
   895 | D:1      | Gained mutation: You are partially covered in sharp spines.
                  | [demonic ancestry]
   895 | D:1      | Reached XP level 3. HP: 28/28 MP: 3/3
  1243 | D:2      | Found a faded altar of an unknown god.
  1317 | D:2      | Prayed at the altar of an unknown god.
  1317 | D:2      | Became a worshipper of Ashenzari the Shackled
  1338 | D:2      | Found Kewkator's Distillery.
  1408 | D:2      | You fall into a shaft and drop 2 floors!
  1425 | D:4      | Found a basalt altar of Yredelemnul.
  1603 | D:3      | Noticed Terence
  1608 | D:3      | Killed Terence
  1609 | D:3      | Gained mutation: A meltable shield of frost defends you.
                  | (SH +0) [demonic ancestry]
  1609 | D:3      | Reached XP level 4. HP: 29/35 MP: 4/4
  1845 | D:2      | Reached skill level 4 in Long Blades
  2574 | D:4      | Reached XP level 5. HP: 42/42 MP: 5/5
  2601 | D:4      | Reached * piety under Ashenzari
  2729 | D:4      | Gained mutation: You are mostly covered in sharp spines.
                  | [demonic ancestry]
  2729 | D:4      | Reached XP level 6. HP: 19/49 MP: 6/6
  3435 | D:4      | Reached skill level 5 in Fighting
  3435 | D:4      | Reached skill level 5 in Long Blades
  3787 | D:5      | Entered Level 5 of the Dungeon
  3806 | D:5      | Gained mutation: You have sharp fingernails. [demonic
                  | ancestry]
  3806 | D:5      | Reached XP level 7. HP: 40/56 MP: 7/7
  3832 | D:5      | Reached ** piety under Ashenzari
  3957 | D:5      | Noticed Sigmund
  3967 | D:5      | Killed Sigmund
  3968 | D:5      | Reached skill level 6 in Long Blades
  4137 | D:5      | Reached XP level 8. HP: 34/65 MP: 8/8
  4774 | D:5      | Reached skill level 1 in Shields
  4832 | D:5      | Reached skill level 7 in Long Blades
  5477 | D:6      | Found an opulent altar of Gozag.
  5477 | D:6      | Found a sacrificial altar of Ru.
  5477 | D:6      | Found a shimmering altar of Xom.
  5546 | D:6      | Found a snail-covered altar of Cheibriados.
  5740 | D:5      | Reached *** piety under Ashenzari
  5876 | D:7      | Found a runed translucent door.
  5917 | D:7      | Reached skill level 8 in Long Blades
  5981 | D:7      | Gained mutation: You have very sharp fingernails. [demonic
                  | ancestry]
  5981 | D:7      | Reached XP level 9. HP: 69/72 MP: 9/9
  6058 | D:7      | Reached skill level 5 in Shields
  6058 | D:7      | Noticed a troll
  6063 | D:7      | Noticed a troll
  6065 | D:7      | Killed a troll
  6065 | D:7      | Identified the ring of the Serpent {rElec Int+6}
  6065 | D:7      | Noticed a deep elf pyromancer
  6070 | D:7      | Killed a troll
  6071 | D:7      | Reached skill level 9 in Long Blades
  6078 | D:7      | Killed from afar by a deep elf pyromancer

Illustrated notes

Levels and vault maps discovered:
D:1:      denvon_arrival_waterhouse, layout_basic, minivault_14
D:2:      layout_loops_ring, hellmonk_ecumenical_altar_inner_sanctum,
          serial_shops, nicolae_shop_industrial_runoff, minmay_tripent
D:3:      layout_basic, uniq_terence
D:4:      layout_basic, mainiacjoe_overflow_six_doors_small,
          chequers_ossuary_entry_cave, minmay_manual_macuahuitl
D:5:      layout_cave_pools, serial_undead, serial_undead_e, serial_undead_f,
          serial_undead_a, serial_undead_e, chequers_serial_rivers_large_a,
          uniq_sigmund
D:6:      layout_loops_ring, slow_altar_2,
          chequers_temple_overflow_statue_of_worship
D:7:      minmay_the_grid_triangle_9x9_rhombus_full
          [minmay_the_grid_triangle_9x9_subtriangle,
          minmay_the_grid_triangle_9x9_wacky_v,
          minmay_the_grid_triangle_9x9_minimal,
          minmay_the_grid_triangle_9x9_odd_lines,
          minmay_the_grid_triangle_9x9_sparse_checkered,
          minmay_the_grid_triangle_9x9_steps,
          minmay_the_grid_triangle_9x9_corrupted_corridor,
          minmay_the_grid_triangle_9x9_prize_special], layout_rooms,
          nicolae_uskayaw_dance_hall, kennysheep_mini_moat,
          minmay_temple_entry_offerings, grunt_ministairs_3,
          serial_library_hellmonk_u_bend, pf_guarded_unrand_meek,
          uniq_crazy_yiuf_cottage

Skill      XL: |  1  2  3  4  5  6  7  8  9 |
---------------+----------------------------+-----
Long Blades    | 3 4 5 6 8 9 |  9.1
Fighting       | 3 4 5 6 7 |  7.1
Shields        | 4 5 |  5.7
Throwing       | |  1.7
Dodging        | |  2.6

Action                     |  1- 3 |  4- 6 |  7- 9 || total
---------------------------+-------+-------+-------++-------
  Melee: Long sword        |    91 |    76 |   164 ||   331
         Punch             |     1 |     1 |       ||     2
 Invoke: Curse Item        |       |     2 |     3 ||     5
  Evoke: Wand              |       |       |     5 ||     5
    Use: Scroll            |       |     4 |       ||     4
         Potion            |       |       |     1 ||     1
   Stab: Sleeping          |     7 |     8 |     5 ||    20
         Distracted        |     1 |       |       ||     1
         Invisible         |       |       |     2 ||     2
 Armour: Leather armour    |    41 |    38 |    43 ||   122
         Chain mail        |       |       |    39 ||    39
  Dodge: Dodged            |    57 |    34 |    48 ||   139
  Block: Other             |       |    13 |     8 ||    21
         Kite shield       |       |       |    84 ||    84

Table legend: (Time is in decaauts)
 A = Elapsed time spent in this place.
 B = Non-inter-level travel time spent in this place.
 C = Inter-level travel time spent in this place.
 D = Time resting spent in this place.
 E = Time spent auto-exploring this place.
 F = Levels seen in this place.
 G = Mean time per level.
                   A        B        C        D        E       F      G
               +--------+--------+--------+--------+--------+-----+--------+
         Total |   6150 |   5799 |    351 |    822 |   3831 |   7 |  878.6 |
       Dungeon |   6150 |   5799 |    351 |    822 |   3831 |   7 |  878.6 |
               +--------+--------+--------+--------+--------+-----+--------+

Top non-repeatable levels by time:
     D:4: 1714 daAuts
     D:5: 1038 daAuts
     D:1: 988 daAuts
     D:2: 729 daAuts
     D:6: 693 daAuts
     D:3: 665 daAuts
     D:7: 320 daAuts
